 Dungeon Crawl Stone Soup version 0.29.1-1-gd02db6906a (webtiles) character file.

Game seed: 5034605043453379786

219 safid the Shooter (level 5, -2/47 HPs)
             Began as a Minotaur Hunter on Sept 15, 2022.
             Killed by divine providence
             ... invoked by an orc priest
              (13 damage)
             ... on level 3 of the Dungeon.
             The game lasted 00:02:49 (2946 turns).

safid the Shooter (Minotaur Hunter)                 Turns: 2946, Time: 00:02:50

Health: -2/47      AC:  3    Str: 15    XL:     5   Next: 64%
Magic:  4/4        EV: 13    Int:  6    God:
Gold:   114        SH:  0    Dex: 16    Spells: 4/4 levels left

rFire   . . .      SeeInvis .   a - +0 shortbow
rCold   . . .      Faith    .   (shield currently unavailable)
rNeg    . . .      Spirit   .   c - +0 leather armour
rPois   .          Reflect  .   (helmet restricted)
rElec   .          Harm     .   (no cloak)
rCorr   .          Rampage  .   (no gloves)
Will    .....                   (no boots)
Stlth   +.........              (no amulet)
HPRegen 0.15/turn               (no ring)
MPRegen 0.09/turn               (no ring)

@: no status effects
A: horns 2, retaliatory headbutt
a: no special abilities


You were on level 3 of the Dungeon.
You visited 1 branch of the dungeon, and saw 3 of its levels.

You collected 114 gold pieces.

Inventory:

Hand Weapons
 a - a +0 shortbow (weapon)
Armour
 c - a +0 leather armour (worn)
Wands
 h - a wand of roots (5)
Scrolls
 b - a scroll of immolation
 d - a scroll of identify {unknown}
 f - 3 scrolls of butterflies {unknown}
 k - a scroll of torment {unknown}
 m - a scroll of vulnerability {unknown}
 n - a scroll of poison {unknown}
 p - a scroll of teleportation {unknown}
Potions
 e - 3 potions of curing {unknown}
 g - 3 potions of might {unknown}
 i - a potion of flight {unknown}
 j - a potion of berserk rage {unknown}
 l - a potion of heal wounds {unknown}
 o - 2 potions of lignification {unknown}
 q - a potion of brilliance {unknown}


   Skills:
 + Level 4.6 Fighting
 + Level 5.7 Ranged Weapons
 - Level 4.0 Dodging
 - Level 0.7 Stealth


You had 4 spell levels left.
You didn't know any spells.
Your spell library was empty.

Dungeon Overview and Level Annotations

Branches:
Dungeon (3/15)

Altars:
Ru
Zin

Annotations:
D:3 1 runed translucent door, Crazy Yiuf


Innate Abilities, Weirdness & Mutations

You have a pair of horns on your head.
You reflexively headbutt those who attack you in melee.


Message History

You shoot an arrow. The arrow hits the orc priest.
The orc priest is heavily wounded.
The orc priest mumbles some strange prayers to Beogh against you.
Beogh smites you!
An orc comes into view. It is wielding a +0 short sword.
You shoot an arrow. The arrow hits the orc priest.
The orc priest is severely wounded.
The orc priest mumbles some strange prayers to Beogh against you.
You barely resist. You shoot an arrow. The arrow hits the orc.
The orc is moderately wounded.
The orc priest calls upon Beogh to heal the orc.
The orc's wounds heal themselves!
The orc hits you but does no damage.
You shoot an arrow. The arrow closely misses the orc.
The arrow hits the orc priest but does no damage.
The orc priest is severely wounded.
The orc priest calls down the wrath of Beogh upon you.
Beogh smites you! The orc completely misses you.
The orc priest hits you from afar with a +0 trident.
* * * LOW HITPOINT WARNING * * *
The orc attacks as you move away! The orc closely misses you.
Fire: a) +0 shortbow
Press: ? - help, Q - select action, (/) - cycle Shift-Dir - straight line, f/p - orc
Aim: an orc, wielding a +0 short sword and wearing a +0 scale mail (68% to hit)
You shoot an arrow. The arrow completely misses the orc.
The orc hits you with a +0 short sword.
* * * LOW HITPOINT WARNING * * *
The orc attacks as you move away! The orc hits you but does no damage.
The orc attacks as you move away! The orc closely misses you.
You furiously retaliate!
You headbutt the orc, but do no damage.
The orc priest looks encouraged for a moment.
The orc attacks as you move away! The orc hits you with a +0 dagger.
* * * LOW HITPOINT WARNING * * *
The orc attacks as you move away! The orc closely misses you.
The orc attacks as you move away! The orc hits you with a +0 dagger.
* * * LOW HITPOINT WARNING * * *
The orc attacks as you move away! The orc barely misses you.
The orc priest invokes the aid of Beogh against you.
Beogh smites you!
You die...

##.##.# #...##
###..##o# #....#
###...###o#
#....# ..o.###
#.# #....###
o#### #o#
##.....## ## #.#
##...... # #.#
####.## #
#o######### #..#
# #..o..o.@.#
##.# '..♣
#########.# #.#
#~.≈≈≈. #.# #.#
~..... #######
#.# #.# ~~~~~
#.....###.# ###'#
#######.....'..†#
#....
#.......#####
#.... #........##
#....
....###...###
#....


You could see an orc priest and 2 orcs.

Vanquished Creatures
  2 orc priests (D:3)
  A hound (D:3)
  Natasha (D:3)
  2 adders (D:2)
  3 gnolls (D:3)
  A worm (D:3)
  3 orcs
  10 endoplasms
  3 goblins
  4 hobgoblins
  4 quokkas
  4 ball pythons
  2 bats (D:1)
  8 frilled lizards (D:1)
  3 kobolds
  3 rats
54 creatures vanquished.

Vanquished Creatures (others)
  3 plants (D:1)
3 creatures vanquished.

Grand Total: 57 creatures vanquished

Notes
Turn   | Place    | Note
-------+----------+-------------------------------------------
     0 | D:1      | safid the Minotaur Hunter began the quest for the Orb.
     0 | D:1      | Reached XP level 1. HP: 18/18 MP: 0/0
   343 | D:1      | Reached XP level 2. HP: 25/25 MP: 1/1
   859 | D:2      | Reached XP level 3. HP: 17/31 MP: 2/2
  1300 | D:2      | Found a faded altar of an unknown god.
  1482 | D:2      | Reached skill level 5 in Ranged Weapons
  1889 | D:3      | Found a runed translucent door.
  1890 | D:3      | Noticed Crazy Yiuf
  1974 | D:3      | Reached XP level 4. HP: 13/39 MP: 3/3
  2206 | D:3      | Found a sacrificial altar of Ru.
  2206 | D:3      | Found a glowing silver altar of Zin.
  2382 | D:3      | Reached XP level 5. HP: 23/46 MP: 4/4
  2775 | D:3      | Noticed Natasha
  2779 | D:3      | Killed Natasha
  2946 | D:3      | Killed from afar by an orc priest

Illustrated notes

Levels and vault maps discovered:
D:1:      kennysheep_arrival_forest, layout_basic, minmay_lizard_king
D:2:      layout_basic, serial_curves, eino_curves_04, eino_curves_03,
          shapermc_ecumenical_altar_notcrosses, minmay_pentomino_p4
D:3:      layout_basic, kennysheep_ying_yang,
          chequers_temple_overflow_statue_of_worship, minmay_misc_feat_square,
          kennysheep_generic_room_11, uniq_crazy_yiuf_cottage, uniq_natasha

Skill      XL: |  1  2  3  4  5 |
---------------+----------------+-----
Fighting       | 3 4 |  4.6
Dodging        | 3 4 |  4.0
Ranged Weapons | 5 |  5.7
Stealth        | |  0.7

Action                   |  1- 3 |  4- 6 || total
-------------------------+-------+-------++-------
 Fire: Shortbow          |   103 |    66 ||   169
Armor: Leather armour    |     8 |    12 ||    20
Dodge: Dodged            |    18 |    33 ||    51
